AoeStats
← Chigüiro

Arena

508999072Analyzed
4v4 RM · 7d ago on Sep 25, 2026· 81m 24s· 8 players
Game mode
Random Map
Map size
Large (8 player)
Population
200
Speed
Normal
Resources
Standard
Victory
Conquest
Starting age
Dark Age
Ending age
Imperial Age
RankedLock teamsTeams togetherTeam positionsShared explorationLock speedFull tech treeHidden civsTurbo modeCheats
Victory
Defeat
🇲🇽 Malay · Mexico
1676
+9
🇦🇷 Britons · Argentina
1550
+14
🇦🇷 Cumans · Argentina
1483
+16
🇱🇻 Varangians · Latvia
1482
+17
🇨🇳 Turks · China
1526
-15
🇨🇴 Teutons · Colombia
1525
-15
🇺🇸 Celts · United States
1503
-14
🇭🇰 Khmer · Hong Kong SAR China
1441
-12
[VL] Rio_BlancoVER
8:34 Loom
10:20 Feudal Age
15:21 Double-Bit Axe
18:39 Stone Mining
21:05 Castle Age
19:31 Horse Collar
20:10 Scale Mail Armor
20:38 Gold Mining
22:32 Stone Shaft Mining
22:17 Bow Saw
25:31 Chain Mail Armor
33:34 Forging
37:12 Wheelbarrow
36:23 Town Watch
40:55 Imperial Age
40:18 Iron Casting
41:01 Capped Ram
42:13 Plate Mail Armor
42:18 Conscription
44:15 Hand Cart
44:02 Heavy Plow
45:57 Siege Ram
48:24 Guilds
47:44 Elite Woad Raider
48:55 Caravan
54:23 Blast Furnace
54:05 Hoardings
56:13 Fletching
56:24 Padded Archer Armor
56:20 Elite Skirmisher
57:18 Bodkin Arrow
57:54 Ballistics
58:35 Chemistry
57:46 Masonry
57:47 Clinker Construction
58:13 Leather Archer Armor
58:08 Siege Engineers
59:44 Coinage
60:53 Ring Archer Armor
61:59 Pikeman
62:24 Arson
62:25 Gambesons
62:55 Halberdier
66:19 Banking
65:30 Halberdier
68:10 Fortified Wall
68:43 Heavy Mounted Crossbowman
69:42 Heavy Mounted Crossbowman
Yucatan_water_supremacy
10:47 Feudal Age
14:42 Castle Age
14:28 Loom
17:20 Double-Bit Axe
17:21 Horse Collar
19:07 Scale Barding Armor
24:29 Fletching
45:58 Wheelbarrow
45:10 Town Watch
51:23 Imperial Age
52:12 Hand Cart
52:12 Capped Ram
53:07 Fortified Wall
53:32 Fortified Wall
53:45 Bombard Tower
54:38 Ballistics
56:08 Bodkin Arrow
57:17 Bracer
57:38 Caravan
58:00 Bow Saw
58:27 Gold Mining
58:27 Stone Mining
58:55 Artillery
59:15 Conscription
59:12 Masonry
60:54 Chain Barding Armor
61:21 Husbandry
61:32 Bloodlines
62:37 Two-Man Saw
61:37 Heavy Plow
63:04 Siege Ram
64:32 Guilds
65:27 Plate Barding Armor
67:07 Architecture
66:50 Fortified Wall
68:00 Forging
68:27 Murder Holes
68:13 Treadmill Crane
69:33 Iron Casting
72:13 Blast Furnace
Chigüiro
11:46 Feudal Age
12:53 Horse Collar
13:14 Double-Bit Axe
15:45 Castle Age
14:44 Horse Collar
18:58 Forging
19:09 Loom
20:27 Bow Saw
23:53 Town Watch
24:45 Wheelbarrow
25:11 Squires
28:14 Imperial Age
25:59 Scale Mail Armor
27:08 Gambesons
27:41 Chain Mail Armor
28:03 Stone Mining
28:05 Gold Mining
29:19 Iron Casting
28:40 Onager
30:50 Plate Mail Armor
34:40 Blast Furnace
34:27 Conscription
36:02 Chemistry
35:42 Elite Teutonic Knight
36:30 Heavy Plow
36:40 Caravan
36:51 Guilds
37:39 Crenellations
37:59 Fletching
40:11 Ironclad
40:24 Siege Onager
42:03 Bodkin Arrow
42:36 Siege Engineers
42:28 Cavalier
43:19 Bloodlines
43:47 Paladin
44:57 Scale Barding Armor
45:21 Hand Cart
48:33 Chain Barding Armor
55:29 Padded Archer Armor
56:13 Plate Barding Armor
73:37 Man-at-Arms
明月清风
10:12 Feudal Age
13:10 Castle Age
11:29 Double-Bit Axe
12:26 Horse Collar
14:28 Bow Saw
17:04 Town Watch
22:13 Gold Mining
23:07 Loom
24:02 Wheelbarrow
24:25 Bloodlines
25:36 Husbandry
26:15 Gold Shaft Mining
25:56 Stone Mining
29:23 Imperial Age
27:30 Scale Barding Armor
27:36 Forging
27:46 Heavy Plow
29:33 Ballistics
29:36 Chain Barding Armor
29:42 Hand Cart
31:17 Chemistry
30:53 Light Cavalry
32:25 Double Crossbow
32:53 Conscription
33:29 Siege Engineers
35:07 Plate Barding Armor
34:11 Elite Ballista Elephant
35:03 Masonry
38:47 Forging
38:44 Hussar
42:26 Iron Casting
44:43 Caravan
58:47 Blast Furnace
57:47 Scale Mail Armor
58:23 Architecture
57:41 Elite Battle Elephant
60:51 Murder Holes
61:09 Fortified Wall
60:55 Murder Holes
62:38 Hoardings
64:46 Tusk Swords
68:16 Coinage
68:26 Fletching
UxCima
8:35 Feudal Age
7:18 Loom
7:53 Loom
13:39 Town Watch
14:02 Double-Bit Axe
17:20 Horse Collar
21:06 Castle Age
26:09 Imperial Age
24:28 Bow Saw
26:36 Chemistry
25:49 Crossbowman
26:51 Fletching
28:03 Bodkin Arrow
29:33 Forging
29:25 Padded Archer Armor
38:49 Wheelbarrow
39:32 Bracer
46:09 Wheelbarrow
46:40 Ballistics
48:48 Thumb Ring
53:46 Conscription
54:04 Hand Cart
54:00 Heavy Plow
53:51 Gold Mining
54:57 Hand Cart
54:58 Arbalester
56:37 Forced Levy
56:06 Man-at-Arms
56:46 Squires
57:20 Forging
56:53 Long Swordsman
58:20 Crop Rotation
58:20 Two-Handed Swordsman
60:02 Iron Casting
62:54 Blast Furnace
62:11 Pikeman
63:16 Halberdier
64:52 Siege Engineers
64:49 Arson
64:30 Arbalester
66:57 Gold Shaft Mining
66:13 Stone Mining
68:35 Masonry
68:06 Treadmill Crane
68:39 Masonry
68:48 Caravan
73:47 Sappers
75:00 Murder Holes
79:21 Bombard Tower
두도스
9:27 Feudal Age
13:13 Castle Age
12:10 Double-Bit Axe
12:16 Horse Collar
13:44 Horse Collar
14:47 Heavy Plow
16:49 Loom
20:01 Wheelbarrow
21:10 Bow Saw
22:39 Heavy Plow
25:40 Loom
28:35 Imperial Age
26:34 Scale Mail Armor
26:45 Forging
26:30 Gold Mining
27:11 Hand Cart
28:17 Chain Mail Armor
28:04 Squires
27:50 Gambesons
27:50 Arson
29:30 Iron Casting
30:16 Two-Man Saw
29:46 Crop Rotation
29:39 Conscription
30:09 Plate Mail Armor
30:22 Guilds
31:36 Heavy Scorpion
33:53 Blast Furnace
33:37 Ballistics
35:38 Chemistry
34:48 Siege Engineers
34:24 Gothikon
34:33 Capped Ram
36:00 Fletching
36:10 Padded Archer Armor
35:35 Elite Varangian Guard
36:38 Stone Mining
36:13 Cranequins
36:49 Bodkin Arrow
36:55 Siege Ram
38:01 Guilds
38:37 Bloodlines
38:27 Husbandry
39:59 Bracer
39:30 Heavy Mounted Crossbowman
41:24 Stone Shaft Mining
41:19 Leather Archer Armor
42:37 Ring Archer Armor
41:54 Town Watch
42:55 Elite Jarl
43:53 Town Patrol
45:41 Masonry
45:11 Treadmill Crane
46:03 Light Cavalry
49:32 Architecture
49:02 Murder Holes
50:48 Caravan
53:00 Scale Barding Armor
52:50 Pikeman
54:01 Chain Barding Armor
55:29 Plate Barding Armor
54:46 Hussar
56:12 Halberdier
66:12 Coinage
jAvi
8:37 Feudal Age
9:36 Double-Bit Axe
9:33 Horse Collar
16:18 Wheelbarrow
19:46 Castle Age
19:09 Loom
20:58 Bloodlines
20:55 Scale Barding Armor
21:03 Forging
20:30 Capped Ram
21:43 Bow Saw
21:41 Heavy Plow
24:38 Gold Mining
25:37 Chain Barding Armor
24:49 Light Cavalry
29:24 Hand Cart
33:44 Imperial Age
32:36 Iron Casting
35:03 Gold Shaft Mining
35:00 Crop Rotation
35:32 Two-Man Saw
36:15 Blast Furnace
38:11 Conscription
38:00 Steppe Husbandry
39:07 Plate Barding Armor
40:30 Onager
42:44 Hussar
60:44 Caravan
66:19 Squires
66:25 Pikeman
67:39 Scale Mail Armor
69:04 Chain Mail Armor
69:31 Halberdier
72:41 Arson
76:24 Cavalier
Jogadinha do Paqueta
10:51 Feudal Age
11:52 Double-Bit Axe
15:02 Horse Collar
15:38 Fletching
20:32 Castle Age
20:33 Crossbowman
21:11 Bodkin Arrow
22:57 Ballistics
22:43 Padded Archer Armor
27:26 Wheelbarrow
27:37 Leather Archer Armor
34:05 Imperial Age
33:53 Yeomen
34:14 Arbalester
35:03 Bracer
36:53 Chemistry
39:04 Ring Archer Armor
40:17 Onager
41:27 Siege Engineers
52:20 Capped Ram
Connection lost

Rejoining the realm…

Still unreachable

The connection could not be restored.

Session expired

The server has moved on; the page needs a fresh start.